 Dungeon Crawl Stone Soup version 0.31.0-10-gcf4a605ca0 (webtiles) character file.

Game seed: 4154425693257128968

102 Rassilon the Trooper (level 4, -1/41 HPs)
             Began as a Minotaur Fighter on Jan 26, 2024.
             Slain by a gnoll
             ... wielding a +0 halberd
              (11 damage)
             ... on level 3 of the Dungeon.
             The game lasted 00:06:07 (1382 turns).

Rassilon the Trooper (Minotaur Fighter)             Turns: 1382, Time: 00:06:08

Health: -1/41      AC:  8    Str: 21    XL:     4   Next: 50%
Magic:  3/3        EV:  9    Int:  7    God:
Gold:   73         SH:  4    Dex:  9    Spells: 3/3 levels left

rFire   . . .        a - +0 war axe
rCold   . . .        c - +0 buckler
rNeg    . . .        b - +0 scale mail
rPois   .            (helmet restricted)
rElec   .            (no cloak)
rCorr   .            e - +0 pair of gloves
SInv    .            (no boots)
Will    .....        (no amulet) Stlth
                     (no ring)
HPRegen 0.26/turn    (no ring)
MPRegen 0.08/turn

%: no passive effects
@: no status effects
A: horns 2, retaliatory headbutt
a: no special abilities


You were on level 3 of the Dungeon.
You visited 1 branch of the dungeon, and saw 3 of its levels.

You collected 73 gold pieces.

Inventory:

Hand Weapons
 a - a +0 war axe (weapon)
Missiles
 p - 3 curare-tipped darts (quivered)
 q - 5 datura-tipped darts
Armour
 b - a +0 scale mail (worn)
 c - a +0 buckler (worn)
 e - a +0 pair of gloves (worn)
Talismans
 l - a beast talisman
Scrolls
 f - 6 scrolls of identify {unknown}
 j - 3 scrolls of fear {unknown}
 k - a scroll of vulnerability {unknown}
 m - a scroll of brand weapon {unknown}
 n - a scroll of noise {unknown}
 o - a scroll of silence {unknown}
Potions
 d - 2 potions of might
 g - a potion of enlightenment {unknown}
 h - a potion of degeneration {unknown}
 i - a potion of mutation {unknown}
 r - a potion of curing {unknown}


   Skills:
 + Level 4.4 Fighting
 * Level 4.2 Axes
 + Level 4.4 Armour
 - Level 4.0 Shields


You had 3 spell levels left.
You didn't know any spells.
Your spell library contained the following spells:

 Spells                   Type           Power      Damage    Failure   Level
 Ensorcelled Hibernation  Hex/Ice        0%         N/A       92%         2
 Mercury Vapours          Alch/Air       0%         N/A       92%         2
 Sublimation of Blood     Necr           0%         N/A       92%         2
 Fugue of the Fallen      Necr           0%         N/A       99%         3
 Mephitic Cloud           Conj/Alch/Air  0%         N/A       99%         3
 Anguish                  Hex/Necr       0%         N/A       100%        4
 Petrify                  Alch/Erth      0%         N/A       100%        4
 Freezing Cloud           Conj/Ice/Air   0%         6-21      100%        5
 Irradiate                Conj/Alch      0%         3d11      100%        5


Dungeon Overview and Level Annotations

Branches:
Dungeon (3/15)

Altars:


Innate Abilities, Weirdness & Mutations

You have a pair of horns on your head.
You reflexively headbutt those who attack you in melee.


Message History

You slash the gnoll!
The gnoll is severely wounded.
The gnoll hits you with a +0 flail.
You slash the gnoll!
You kill the gnoll!
You barely miss the ball python. You block the ball python's attack.
The ball python closely misses you. The ball python barely misses you.
The ball python grabs you. The ball python constricts you.
You block the gnoll's attack.
You hit the gnoll.
The gnoll is moderately wounded.
You barely miss the ball python. The ball python closely misses you.
The ball python constricts you. The gnoll hits you but does no damage.
You block the gnoll's attack. The ball python barely misses you.
You furiously retaliate!
You headbutt the ball python!
You kill the ball python!
You slash the gnoll!
The gnoll is almost dead.
The gnoll hits you but does no damage. The gnoll closely misses you.
You completely miss the gnoll. You headbutt the gnoll.
You kill the gnoll!
The gnoll hits you from afar with a +0 halberd!
The gnoll hits you but does no damage.
The gnoll hits you from afar with a +0 halberd.
* * * LOW HITPOINT WARNING * * *
Found a murky yellow potion.
You block the gnoll's attack.
Items here: )) ††.
You slash the gnoll!
The gnoll is heavily wounded.
The gnoll closely misses you.
You hit the gnoll but do no damage.
The gnoll is heavily wounded.
You block the gnoll's attack.
You barely miss the gnoll.
The gnoll is heavily wounded.
You block the gnoll's attack. x2
You closely miss the gnoll.
The gnoll is heavily wounded.
The gnoll hits you with a +0 halberd!
You die...

####### ####
#......# ....
......## ≈≈≈.
≈≈≈...# #≈.
#≈.#.# #≈.≈
#≈.#.#
###≈.≈###≈...#
≈≈≈≈.≈≈≈≈≈...#
......g@...#.#
≈≈≈≈.≈≈≈≈≈.#.#
###≈.≈###≈.#.#
#≈.≈ #≈.#.#
#≈.≈###≈.#.#
≈≈≈!≈≈≈≈≈...#
....
........########
≈≈≈≈
≈≈≈≈≈..........#
≈###≈....#.##..#


You could see a gnoll.

Vanquished Creatures
  3 gnolls
  2 adders (D:2)
  4 ribbon worms (D:2)
  3 dart slugs
  5 ball pythons
  3 goblins (D:1)
  4 hobgoblins
  2 quokkas
  8 bats
  3 frilled lizards
  2 kobolds
  4 rats
43 creatures vanquished.

Notes
Turn   | Place    | Note
-------+----------+-------------------------------------------
     0 | D:1      | Rassilon the Minotaur Fighter began the quest for the Orb.
     0 | D:1      | Reached XP level 1. HP: 19/19 MP: 0/0
   127 | D:1      | Reached XP level 2. HP: 27/27 MP: 1/1
   354 | D:1      | Reached XP level 3. HP: 33/33 MP: 2/2
   945 | D:2      | Reached XP level 4. HP: 40/40 MP: 3/3
  1074 | D:2      | Found a faded altar of an unknown god.
  1382 | D:3      | Slain by a gnoll

Illustrated notes

Levels and vault maps discovered:
D:1:      reono_arrival_mine, layout_basic, chequers_serial_rivers_marsh,
          chequers_garden, minmay_domino_2
D:2:      layout_rooms, hellmonk_ecumenical_altar_crossroads
D:3:      layout_loops_cross, kennysheep_boxes

Skill      XL: |  1  2  3  4 |
---------------+-------------+-----
Shields        | 4 |  4.0
Axes           | 3 4 |  4.2
Armour         | 4 |  4.4
Fighting       | 4 |  4.4

Action                     |  1- 3 |  4- 6 || total
---------------------------+-------+-------++-------
  Melee: War axe           |    81 |    32 ||   113
         Headbutt          |     6 |     6 ||    12
 Armour: Scale mail        |    60 |    21 ||    81
  Dodge: Dodged            |    28 |    29 ||    57
  Block: Buckler           |    19 |    13 ||    32
